 Dungeon Crawl Stone Soup version 0.23.2-1-ga50397a (webtiles) character file.

Game seed: 1355858511331297760

86 Kahibar the Insei (level 4, 0/36 HPs)
             Began as a Draconian Transmuter on May 17, 2019.
             Splashed by a jelly's acid (2 damage)
             ... on level 3 of the Dungeon.
             The game lasted 00:22:20 (2913 turns).

Kahibar the Insei (Draconian Transmuter)            Turns: 2913, Time: 00:22:21

Health: 0/36       AC: -3    Str: 12    XL:     4   Next: 27%
Magic:  6/7        EV: 12    Int: 13    God:
Gold:   105        SH:  0    Dex: 13    Spells: 4/7 levels left

rFire    . . .     SeeInvis .   g - +2 dagger (speed)
rCold    . . .     Gourm    .   (no shield)
rNeg     . . .     Faith    .   (armour unavailable)
rPois    .         Spirit   .   (helmet restricted)
rElec    .         Reflect  .   (no cloak)
rCorr    .         Harm     .   (no gloves)
MR       .....                  (no boots)
Stlth    ++........             (no amulet)
HPRegen  0.12/turn              (no ring)
MPRegen  0.10/turn              (no ring)

@: corroded
A: unfitting armour, cold-blooded, AC +5
a: no special abilities


You were on level 3 of the Dungeon.
You were not hungry.

You visited 1 branch of the dungeon, and saw 3 of its levels.

You collected 105 gold pieces.

Inventory:

Hand Weapons
 g - a +2 dagger of speed (weapon)
Missiles
 a - 25 arrows
 e - 66 stones
 f - 7 tomahawks (quivered)
 q - 26 bolts
Armour
 p - a +0 pair of gloves
 r - a +0 pair of gloves
Jewellery
 d - an uncursed ring of flight {unknown}
Scrolls
 h - 4 scrolls of teleportation {unknown}
 i - a scroll of enchant armour {unknown}
 j - 6 scrolls of identify {unknown}
 n - 2 scrolls of amnesia {unknown}
 s - a scroll of remove curse {unknown}
Potions
 b - 2 potions of mutation {unknown}
 k - a potion of curing {unknown}
 l - a potion of invisibility {unknown}
 m - a potion of heal wounds {unknown}
 t - a potion of flight {unknown}
Comestibles
 c - 3 rations


   Skills:
 * Level 2.1 Fighting
 * Level 1.4 Short Blades
 * Level 1.0 Throwing
 + Level 2.0 Dodging
 * Level 1.1 Stealth
 - Level 3.0 Unarmed Combat
 + Level 2.3 Spellcasting
 * Level 2.6 Transmutations


You had 4 spell levels left.
You knew the following spells:

 Your Spells              Type           Power        Failure   Level  Hunger
a - Beastly Appendage     Tmut           #.....       9%          1    #......
b - Sticks to Snakes      Tmut           #.......     12%         2    ###....

Your spell library contained the following spells:

 Spells                   Type           Power        Failure   Level  Hunger
 Spider Form              Tmut/Pois      #.........   41%         3    ###....
 Ice Form                 Ice/Tmut       #.......     82%         4    #####..
 Blade Hands              Tmut           #.........   92%         5    ######.


Dungeon Overview and Level Annotations

Branches:
Dungeon (3/15)

Altars:
Ru
The Shining One


Innate Abilities, Weirdness & Mutations

Your plain brown scales are hard. (AC +5)
You cannot fit into any form of body armour.
You are cold-blooded and may be slowed by cold attacks.


Message History

The jelly is severely wounded.
The jelly hits you but does no damage.
You hit the jelly.
Your hands burn!
The jelly is severely wounded.
The jelly hits you.
You are splashed with acid.
* * * LOW HITPOINT WARNING * * *
You hit the jelly.
Your hands burn!
* * * LOW HITPOINT WARNING * * *
You tail-slap the jelly, but do no damage.
The jelly is almost dead.
You hit the jelly but do no damage. The acid corrodes you!
Your hands burn!
* * * LOW HITPOINT WARNING * * *
The jelly is almost dead.
The jelly barely misses you.
You hit the jelly but do no damage.
Your hands burn!
* * * LOW HITPOINT WARNING * * *
The jelly is almost dead.
The jelly closely misses you.
You hit the jelly but do no damage.
Your hands burn!
You die...

### #.# #.# #.# #.#
#+# ##+## ##.#######.#
##.##
#........#'##+##'##
####....###..........#
.....##.# #..........#
#######.# #.....@J...#
#.# ############ #.#
#.# #.# #.# #.## #
#..##
#######...####...


You could see a jelly.

Vanquished Creatures
  A jelly (D:3)
  3 worms (D:2)
  A leopard gecko (D:2)
  An orc (D:3)
  5 bats
  A giant cockroach (D:1)
  4 goblins
  6 hobgoblins
  5 jackals (D:2)
  5 kobolds
  3 rats
35 creatures vanquished.

Vanquished Creatures (collateral kills)
  An adder (D:2)
1 creature vanquished.

Grand Total: 36 creatures vanquished

Notes
Turn   | Place    | Note
-------+----------+-------------------------------------------
     0 | D:1      | Kahibar the Draconian Transmuter began the quest for the
                  | Orb.
     0 | D:1      | Reached XP level 1. HP: 16/16 MP: 3/3
   233 | D:1      | Reached XP level 2. HP: 20/23 MP: 5/5
  1358 | D:2      | Learned a level 2 spell: Sticks to Snakes
  1549 | D:2      | Reached XP level 3. HP: 26/28 MP: 6/6
  1997 | D:2      | Reached skill level 1 in Short Blades
  2525 | D:3      | Found a sacrificial altar of Ru.
  2531 | D:3      | Found a glowing golden altar of the Shining One.
  2698 | D:3      | Reached skill level 1 in Throwing
  2698 | D:3      | Reached skill level 1 in Stealth
  2698 | D:3      | Reached XP level 4. HP: 13/36 MP: 7/7
  2913 | D:3      | Splashed by a jelly's acid

Skill      XL: |  1  2  3 |
---------------+----------+-----
Short Blades   | 1 |  1.4
Fighting       | 2 |  2.1
Throwing       | 1 |  1.0
Dodging        | 2 |  2.0
Stealth        | 1 |  1.1
Unarmed Combat | |  3.0
Spellcasting   | |  2.3
Transmutations | |  2.6

Action                   |  1- 3 |  4- 6 || total
-------------------------+-------+-------++-------
Melee: Dagger            |   122 |     9 ||   131
       Club              |     8 |       ||     8
       Unarmed           |     5 |       ||     5
       Tailslap          |    19 |     3 ||    22
       Kick              |     1 |       ||     1
       Punch             |     1 |       ||     1
Throw: Tomahawk          |     3 |       ||     3
 Cast: Beastly Appendage |     1 |       ||     1
       Sticks to Snakes  |     2 |     1 ||     3
 Stab: Sleeping          |     1 |       ||     1
  Eat: Chunk             |     6 |       ||     6
Armor: Skin              |    19 |     3 ||    22
Dodge: Dodged            |    58 |     2 ||    60
